 Dungeon Sprint DCSS version bcrawl-1.27.1d (webtiles) character file.

Game seed: 13027126578406222699

323405 Freyura the Cudgeler (level 4, -5/31 HPs)
             Began as a Gargoyle Fighter on July 17, 2020.
             Was an Initiate of Ru.
             Slain by a six-headed hydra (9 damage)
             ... in the Dungeon (Sprint IX: "|||||||||||||||||||||||||||||").
             The game lasted 00:03:29 (192 turns).

Freyura the Cudgeler (Gargoyle Fighter)              Turns: 192, Time: 00:03:29

Health: -5/31      AC: 21    Str: 20    XL:     4   Next: 60%
Magic:  4/4        EV: 11    Int:  8    God:    Ru [......]
Gold:   0          SH:  0    Dex: 13    Spells: 3/3 levels left

rFire    . . .     SeeInvis .   n - +2 dire flail (protect)
rCold    . . .     Gourm    .   (shield currently unavailable)
rNeg     + . .     Faith    .   q - +1 scale mail
rPois    ∞         Spirit   .   o - +0 helmet
rElec    +         Reflect  .   (no cloak)
rCorr    .         Harm     .   p - +0 pair of gloves
MR       .....     NoTele   +   (no boots)
Stlth    ..........             (no amulet)
HPRegen  0.10/turn              r - +2 ring of evasion
MPRegen  0.09/turn              s - +3 ring of dexterity

@: protection aura
A: negative energy resistance 1, electricity resistance, unbreathing,
petrification resistance, rot immunity, AC +3
a: Renounce Religion


You were in the Dungeon.
You worshipped Ru.
Ru was noncommittal.
You were not hungry.

You visited 1 branch

Inventory:

Hand Weapons
 n - a +2 dire flail of protection (weapon)
Armour
 o - a +0 helmet (worn)
 p - a +0 pair of gloves (worn)
 q - a +1 scale mail (worn)
Jewellery
 r - a +2 ring of evasion (left hand)
 s - a +3 ring of dexterity (right hand)
Wands
 m - a wand of acid (10)
Scrolls
 j - 3 scrolls of remove curse
 k - 2 scrolls of blinking
 l - 2 scrolls of amnesia
Potions
 d - a potion of invisibility
 f - 5 potions of curing
 g - 3 potions of heal wounds
 h - a potion of haste
 i - 4 potions of magic
Comestibles
 e - a ration {!d}


   Skills:
 + Level 5.3 Fighting
 * Level 5.8 Maces & Flails
 + Level 5.3 Armour
   Level 5.2 Shields


You had 3 spell levels left.
You didn't know any spells.
Your spell library was empty.

Dungeon Overview and Level Annotations

Branches:
Dungeon (1/1)

Altars:
Cheibriados
Dithmenos
Elyvilon
Fedhas
Gozag
Hepliaklqana
Kikubaaqudgha
Lugonu
Makhleb
Nemelex Xobeh
Okawaru
Qazlal
Ru
Sif Muna
Trog
Uskayaw
Vehumet
Wu Jian
Xom
Yredelemnul
Zin
The Shining One
Beogh
Jiyva


Innate Abilities, Weirdness & Mutations

You are resistant to torment.
Your stone body is resilient. (AC +3)
You are immune to poison.
You resist negative energy. (rN+)
You are resistant to electric shocks. (rElec)
You can survive without breathing.
You are immune to petrification.
You are immune to rotting.


Message History

The crimson imp blinks!
The six-headed hydra bites you.
The six-headed hydra bites you but does no damage. x2
The six-headed hydra barely misses you. The six-headed hydra bites you.
The six-headed hydra bites you but does no damage.
You hit the six-headed hydra.
The six-headed hydra is heavily wounded.
The six-headed hydra bites you but does no damage.
The six-headed hydra bites you!
The six-headed hydra closely misses you.
The six-headed hydra bites you!
* * * LOW HITPOINT WARNING * * *
The six-headed hydra bites you.
* * * LOW HITPOINT WARNING * * *
The six-headed hydra bites you.
* * * LOW HITPOINT WARNING * * *
You barely miss the six-headed hydra.
The six-headed hydra is heavily wounded.
The six-headed hydra bites you but does no damage. x2
The six-headed hydra bites you!
You die... ▓▓▓▓▓▓▓▓▓▓▓▓▓▓▓▓▓▓▓▓▓▓▓▓ _______'..|)...[@DDl5S.. ▓▓▓▓▓▓▓▓▓▓▓▓▓▓▓▓▓▓▓▓▓▓▓▓

You could see a six-headed hydra, a steam dragon, an iguana, a crimson imp and an adder.

Vanquished Creatures
  A crimson imp (D)
  A worker ant (D)
  2 adders (D)
  2 worms (D)
  An orc (D)
  A bat (D)
  2 hobgoblins (D)
  A rat (D)
11 creatures vanquished.

Notes
Turn   | Place    | Note
-------+----------+-------------------------------------------
     0 | D        | Freyura the Gargoyle Fighter began the quest for the Orb.
     0 | D        | Reached XP level 1. HP: 14/14 MP: 1/1
    29 | D        | Reached XP level 2. HP: 13/20 MP: 2/2
    79 | D        | Noticed a crimson imp
    93 | D        | Reached XP level 3. HP: 19/24 MP: 3/3
    96 | D        | Reached skill level 5 in Fighting
    96 | D        | Reached skill level 5 in Maces & Flails
    96 | D        | Reached skill level 5 in Armour
    96 | D        | Reached skill level 5 in Shields
    96 | D        | Reached XP level 4. HP: 25/31 MP: 4/4
   102 | D        | Found a roughly hewn altar of Beogh.
   102 | D        | Found a snail-covered altar of Cheibriados.
   102 | D        | Found a shadowy altar of Dithmenos.
   102 | D        | Found a white marble altar of Elyvilon.
   102 | D        | Found a blossoming altar of Fedhas.
   102 | D        | Found an opulent altar of Gozag.
   103 | D        | Found a hazy altar of Hepliaklqana.
   104 | D        | Found a viscous altar of Jiyva.
   105 | D        | Found an ancient bone altar of Kikubaaqudgha.
   106 | D        | Found a corrupted altar of Lugonu.
   107 | D        | Found a burning altar of Makhleb.
   108 | D        | Found a sparkling altar of Nemelex Xobeh.
   109 | D        | Found an iron altar of Okawaru.
   110 | D        | Found a stormy altar of Qazlal.
   111 | D        | Found a sacrificial altar of Ru.
   112 | D        | Found a shimmering blue altar of Sif Muna.
   113 | D        | Found a bloodstained altar of Trog.
   114 | D        | Found a hide-covered altar of Uskayaw.
   115 | D        | Found a radiant altar of Vehumet.
   116 | D        | Found an ornate altar of the Wu Jian Council.
   117 | D        | Found a shimmering altar of Xom.
   118 | D        | Found a basalt altar of Yredelemnul.
   119 | D        | Became a worshipper of Ru the Awakened
   120 | D        | Found a glowing silver altar of Zin.
   121 | D        | Found a glowing golden altar of the Shining One.
   182 | D        | Noticed a steam dragon
   182 | D        | Noticed a six-headed hydra
   192 | D        | Slain by a six-headed hydra

Skill      XL: |  1  2  3 |
---------------+----------+-----
Maces & Flails | 3 4 5 |  5.8
Fighting       | 4 5 |  5.3
Armour         | 4 5 |  5.3
Shields        | 4 5 |  5.2

Action                   |  1- 3 |  4- 6 || total
-------------------------+-------+-------++-------
Melee: Flail             |    42 |       ||    42
       Dire flail        |       |    10 ||    10
  Use: Potion            |     2 |       ||     2
Armor: Scale mail        |    19 |    16 ||    35
Dodge: Dodged            |    13 |     9 ||    22
Block: Medium shield     |    13 |       ||    13
